 Dungeon Crawl Stone Soup version 0.20.1-1-g8b1a95d (webtiles) character file.

476 dmj the Chopper (level 6, -3/56 HPs)
             Began as a Minotaur Fighter on July 31, 2017.
             Slain by froobite's ghost (7 damage)
             ... on level 4 of the Dungeon.
             The game lasted 00:09:10 (2504 turns).

dmj the Chopper (Minotaur Fighter)                  Turns: 2504, Time: 00:09:11

Health: -3/56      AC: 10    Str: 27    XL:     6   Next: 85%
Magic:  5/5        EV:  7    Int:  5    God:
Gold:   160        SH: 11    Dex: 10    Spells: 5/5 levels left

rFire    . . .     SeeInvis .   a - +0 war axe
rCold    . . .     Gourm    .   c - +1 shield
rNeg     . . .     Faith    .   n - +0 chain mail
rPois    .         Spirit   .   u - +0 hat
rElec    .         Reflect  .   (no cloak)
rCorr    .         Harm     .   j - +0 pair of gloves
MR       .....                  (no boots)
Stlth    ..........             (no amulet)
Regen    0.2/turn               (no ring)
MPRegen  0.1/turn               (no ring)

@: mighty
A: retaliatory headbutt, horns 2
a: no special abilities


You were on level 4 of the Dungeon.
You were not hungry.

You visited 1 branch of the dungeon, and saw 4 of its levels.

You collected 160 gold pieces.

Inventory:

Hand Weapons
 a - a +0 war axe (weapon)
Armour
 c - a +1 shield (worn)
 j - a +0 pair of gloves (worn)
 n - a +0 chain mail (worn)
 u - a +0 hat (worn)
Jewellery
 m - an uncursed ring of magical power {unknown}
 o - an uncursed ring of flight {unknown}
Wands
 s - a wand of paralysis (5/24)
Scrolls
 g - a scroll of remove curse
 k - 2 scrolls of teleportation {unknown}
 l - 2 scrolls of identify
 q - a scroll of enchant armour
Potions
 b - 2 potions of ambrosia {unknown}
 e - 3 potions of curing {unknown}
 i - a potion of lignification {unknown}
 p - a potion of cancellation {unknown}
Comestibles
 f - 3 bread rations
 h - 3 meat rations
 r - 3 chunks of flesh


   Skills:
 + Level 5.0 Fighting
 + Level 6.1 Axes
 + Level 4.7 Armour
 + Level 1.8 Dodging
 + Level 0.1 Stealth
 + Level 5.2 Shields


You had 5 spell levels left.
You didn't know any spells.

Dungeon Overview and Level Annotations

Branches:
Dungeon (4/15)
 Temple: D:4-7

Altars:

Annotations:
D:4 froobite's ghost, amateur HOBe


Innate Abilities, Weirdness & Mutations

You reflexively headbutt those who attack you in melee.
You have a pair of horns on your head.


Message History

Froobite's ghost is moderately damaged.
You block froobite's ghost's attack.
You hit froobite's ghost but do no damage.
You headbutt froobite's ghost.
Froobite's ghost is heavily damaged.
You block froobite's ghost's attack. Froobite's ghost hits you.
You hit froobite's ghost but do no damage.
Your headbutt misses froobite's ghost.
Froobite's ghost is heavily damaged.
Froobite's ghost hits you!
* * * LOW HITPOINT WARNING * * *
You feel very mighty all of a sudden. Froobite's ghost hits you.
* * * LOW HITPOINT WARNING * * *
Okay, then.
Okay, then.
You hit froobite's ghost. You headbutt froobite's ghost!
Froobite's ghost is severely damaged.
Froobite's ghost hits you!
You die...

#....####.#.#
###.........# ##.#####..#
#.#......# #.#.###..#
#.#.#<#).#####. ####
#.#.#.#........
...########.#.#.#.######.
................@W.(.....
.#.########.#.#.#########
.#.# #)#.#........ .#.#
#.#.####..### .#.#
#.#.......... ##.#
#.########### #.# #.. #.#
#.. #..


You could see froobite's ghost.

Vanquished Creatures
  2 ogres (D:4)
  An orc priest (D:3)
  Ijyb (D:4)
  An iguana (D:4)
  A worker ant zombie (D:3)
  4 gnolls (D:2)
  6 adders
  An ooze (D:1)
  5 worms
  3 dart slugs
  3 leopard geckos
  4 orcs (D:3)
  13 bats
  2 giant cockroaches
  4 goblins
  9 hobgoblins
  10 jackals
  2 quokkas
  A ball python (D:1)
  8 frilled lizards
  9 kobolds
  12 rats
102 creatures vanquished.

Notes
Turn   | Place    | Note
-------+----------+-------------------------------------------
     0 | D:1      | dmj the Minotaur Fighter began the quest for the Orb.
     0 | D:1      | Reached XP level 1. HP: 19/19 MP: 0/0
    83 | D:1      | Reached XP level 2. HP: 25/27 MP: 1/1
   345 | D:1      | Reached skill level 3 in Axes
   372 | D:1      | Reached XP level 3. HP: 33/33 MP: 2/2
   951 | D:2      | Reached XP level 4. HP: 34/40 MP: 3/3
  1114 | D:2      | Reached skill level 1 in Dodging
  1160 | D:2      | Reached skill level 4 in Axes
  1198 | D:2      | Reached XP level 5. HP: 39/46 MP: 4/4
  2198 | D:4      | Reached skill level 5 in Shields
  2216 | D:4      | Reached skill level 5 in Axes
  2219 | D:4      | Noticed an ogre
  2226 | D:4      | Killed an ogre
  2226 | D:4      | Reached XP level 6. HP: 28/53 MP: 5/5
  2392 | D:4      | Noticed Ijyb
  2401 | D:4      | Paralysed by Ijyb for 2 turns
  2404 | D:4      | Killed Ijyb
  2475 | D:4      | Reached skill level 5 in Fighting
  2475 | D:4      | Reached skill level 6 in Axes
  2486 | D:4      | Noticed froobite's ghost (amateur HOBe)
  2504 | D:4      | Slain by froobite's ghost

Skill      XL: |  1  2  3  4  5  6 |
---------------+-------------------+-----
Armour         | 4 |  4.7
Axes           | 3 4 5 6 |  6.1
Shields        | 4 5 |  5.2
Fighting       | 4 5 |  5.0
Dodging        | 1 |  1.8
Stealth        | |  0.1

Action                   |  1- 3 |  4- 6 || total
-------------------------+-------+-------++-------
Melee: War axe           |    95 |   156 ||   251
       Headbutt          |    10 |    26 ||    36
  Use: Scroll            |     1 |     2 ||     3
       Potion            |       |     1 ||     1
  Eat: Chunk             |       |     6 ||     6
Armor: Scale mail        |    49 |    40 ||    89
       Chain mail        |       |    32 ||    32
Dodge: Dodged            |    39 |    56 ||    95
Block: Shield            |    79 |   102 ||   181
